 Dungeon Crawl Stone Soup version 0.27.1-15-g792fb953b9 (webtiles) character file.

Game seed: 13431898045310732786

2466 croobank the Spear-Bearer (level 9, -2/62 HPs)
             Began as a Merfolk Berserker on Nov 19, 2021.
             Was a Priest of Trog.
             Shot with a sling bullet by Joseph (11 damage)
             ... on level 7 of the Dungeon.
             The game lasted 00:45:10 (5094 turns).

croobank the Spear-Bearer (Merfolk Berserker)       Turns: 5094, Time: 00:45:11

Health: -2/62      AC: 16    Str: 21    XL:     9   Next: 51%
Magic:  3/3        EV:  8    Int:  6    God:    Trog [***...]
Gold:   355        SH:  0    Dex: 13    Spells: 8/8 levels left

rFire    . . .     SeeInvis .   i - +2 demon trident (antimagic)
rCold    + + .     Faith    .   (no shield)
rNeg     . . .     Spirit   .   J - +0 plate armour
rPois    .         Reflect  .   (no helmet)
rElec    .         Harm     .   s - +0 cloak
rCorr    .         Rampage  .   l - +2 pair of gloves {archery}
Will     ++...                  (no boots)
Stlth    ..........             n - amulet of regeneration
HPRegen  2.20/turn              g - ring of protection from cold
MPRegen  0.08/turn              E - ring of protection from cold

@: strong-willed, on berserk cooldown, regenerating, slowed, very slow
A: (nimble swimmer 2), mertail, frail 1, sense surroundings 1
a: Renounce Religion, Berserk, Trog's Hand


You were on level 7 of the Dungeon.
You worshipped Trog.
Trog was most pleased with you.
You visited 1 branch of the dungeon, and saw 7 of its levels.

You collected 355 gold pieces.

Inventory:

Hand Weapons
 i - a +2 antimagic demon trident (weapon)
 k - a +4 quick blade
 p - a +0 vampiric spear
 r - a +1 spear of venom
 t - a +1 short sword of draining
 A - a +1 flail of protection
 M - the +3 flail "Pisiroff" {elec, Fragile rElec rF+ Int+8}
   (You found it on level 7 of the Dungeon)

   It occasionally discharges a powerful burst of electricity upon striking a
   foe.
   Int:       It affects your intelligence (+8).
   rF:        It protects you from fire.
   rElec:     It insulates you from electricity.
   Fragile:   It will be destroyed if unequipped.
Missiles
 h - 105 stones
 H - 31 poisoned darts (quivered)
Armour
 l - a +2 pair of gloves of archery (worn)
 s - a +0 cloak (worn)
 J - a +0 plate armour (worn)
Jewellery
 g - a ring of protection from cold (left hand)
 n - an amulet of regeneration (around neck)
 C - an amulet of magic regeneration
 E - a ring of protection from cold (right hand)
 F - a +6 ring of intelligence
 K - a ring of magical power
Wands
 j - a wand of flame (6)
Scrolls
 c - a scroll of noise {unknown}
 q - 2 scrolls of enchant weapon {unknown}
 u - a scroll of holy word {unknown}
 w - 10 scrolls of teleportation
 B - 2 scrolls of immolation {unknown}
 D - a scroll of blinking {unknown}
 I - a scroll of vulnerability {unknown}
 L - a scroll of summoning {unknown}
Potions
 b - a potion of mutation
 d - a potion of resistance {unknown}
 e - 2 potions of magic
 m - a potion of lignification {unknown}
 o - a potion of degeneration {unknown}
 v - a potion of attraction {unknown}
 x - a potion of curing
 z - 2 potions of flight {unknown}
 G - 2 potions of brilliance {unknown}


   Skills:
 + Level 6.3 Fighting
 + Level 12.3 Polearms
 + Level 2.6 Throwing
 + Level 4.3 Armour
 + Level 5.2 Dodging
 + Level 2.5 Stealth
 + Level 2.1 Evocations


You had 8 spell levels left.
You didn't know any spells.
Your spell library contained the following spells:

 Spells                   Type           Power      Damage    Failure   Level
 Ignite Poison            Fire/Tmut/Pois 0%         N/A       100%        3
 Mephitic Cloud           Conj/Pois/Air  0%         N/A       100%        3
 Bolt of Magma            Conj/Fire/Erth 0%         4d4       100%        5


Dungeon Overview and Level Annotations

Branches:
Dungeon (7/15)             Temple (0/1) D:6

Altars:

Annotations:
D:7 Joseph, Menkaure


Innate Abilities, Weirdness & Mutations

((You are quick and stealthy near water. (Stealth+, EV+, Speed+++)))
Your lower body shifts to a powerful aquatic tail in water.
You are frail. (-10% HP)
You passively map a small area around you.


Message History

The water moccasin bites you but does no damage.
The water moccasin bites you.
You hit the water moccasin.
The water moccasin is heavily wounded.
The water moccasin barely misses you. The water moccasin bites you!
As you read the scroll of teleportation, it crumbles to dust.
You feel strangely unstable. The water moccasin barely misses you.
Menkaure giggles, "These cerements are ticklish..."
The water moccasin bites you.
You are poisoned.
The water moccasin poisons you! The water moccasin closely misses you.
The water moccasin bites you!
You are lethally poisoned!
The water moccasin poisons you! The water moccasin barely misses you.
You hit the water moccasin.
The water moccasin is heavily wounded.
* * * LOW HITPOINT WARNING * * *
You feel extremely sick.
The water moccasin completely misses you.
The water moccasin bites you but does no damage.
Okay, then.
It was a potion of curing.
You feel better.
Your surroundings suddenly seem different.
An iguana, a bullfrog, a scorpion, a kobold brigand, a centaur and Joseph come into view.
The kobold brigand is wielding a +0 whip and quivering curare-tipped darts.
Found 21 stones, a staff of conjuration and 19 sling bullets.
The kobold brigand shouts!
The iguana hisses angrily.
Joseph shouts!
The centaur unwields a +0 bardiche.
The centaur wields a +0 shortbow.
The centaur shoots an arrow.
The arrow hits you.
Joseph unwields a +0 quarterstaff.
Joseph wields a +0 hunting sling.
Joseph shoots a sling bullet.
The sling bullet hits you!
* * * LOW HITPOINT WARNING * * *
The centaur shoots an arrow.
The arrow hits you but does no damage.
The kobold brigand moves out of view.
Your skin crawls.
You feel strong-willed.
The centaur shoots an arrow.
The arrow hits you but does no damage.
The scorpion stings you but does no damage.
Joseph shoots a sling bullet.
The sling bullet hits you!
You die...

.....#( , ,
......# .# .#.,
#. .# .......
... ..., .. ..#
....#..
...#,..*,K #..#
.....#. ..#(#..
#@#...# ...g..#
.#..F#l .#....#
#......
.......,......#
###.#.. ,,
#...#...#
)....# ,#..@#
[.... *
#...#..s# ,
#.... ...
...c... *...#,
, . #...#...#
... #|#..,#(#..
#*,..
#...#.,,#.... #
......., ...##
# * ....###
#### # *


You could see Joseph, a kobold brigand, a bullfrog, a centaur, a scorpion and an
iguana.

Vanquished Creatures
  Pikel (D:4)
  A manticore (D:7)
  A water moccasin (D:7)
  A sky beast (D:6)
  An ogre (D:7)
  A black bear (D:4)
  A necrophage (D:6)
  A phantom (D:5)
  3 centaurs
  A kobold brigand (D:5)
  A gnoll sergeant (D:5)
  A scorpion (D:6)
  A wyvern skeleton (D:7)
  2 water moccasin skeletons
  2 centaur zombies
  2 hounds
  A jelly (D:6)
  A scorpion zombie (D:5)
  2 howler monkey zombies
  9 gnolls
  11 adders
  2 shadow imps (D:7)
  A white imp (D:6)
  2 adder skeletons
  A worm (D:4)
  7 orcs
  3 ball pythons
  11 bats
  5 endoplasms
  3 giant cockroaches
  6 goblins
  12 hobgoblins
  11 jackals
  2 quokkas
  A frilled lizard (D:2)
  15 kobolds
  5 rats
132 creatures vanquished.

Notes
Turn   | Place    | Note
-------+----------+-------------------------------------------
     0 | D:1      | croobank the Merfolk Berserker began the quest for the Orb.
     0 | D:1      | Reached XP level 1. HP: 18/18 MP: 1/1
    91 | D:1      | Reached XP level 2. HP: 24/24 MP: 2/2
   435 | D:1      | Reached skill level 5 in Polearms
   566 | D:1      | Reached XP level 3. HP: 30/30 MP: 3/3
   993 | D:2      | Identified 3 scrolls of acquirement
   993 | D:2      | Acquired a +4 quick blade
   995 | D:2      | Acquired a +2 pair of gloves of archery
   996 | D:2      | Acquired a +2 antimagic demon trident
  1061 | D:2      | Reached ** piety under Trog
  1425 | D:2      | Reached XP level 4. HP: 37/37 MP: 1/4
  1767 | D:2      | Found a faded altar of an unknown god.
  1920 | D:3      | Reached skill level 6 in Polearms
  1999 | D:3      | Reached XP level 5. HP: 41/41 MP: 1/5
  2286 | D:3      | Reached skill level 7 in Polearms
  2692 | D:4      | Noticed a black bear
  2703 | D:4      | Killed a black bear
  2704 | D:4      | Reached skill level 1 in Stealth
  2704 | D:4      | Reached XP level 6. HP: 49/49 MP: 2/6
  2883 | D:4      | Noticed Pikel
  2942 | D:4      | Gained mutation: You are frail. (-10% HP) [potion of
                  | mutation]
  2942 | D:4      | Gained mutation: You passively map a small area around you.
                  | [potion of mutation]
  2951 | D:4      | Killed Pikel
  2952 | D:4      | Reached skill level 9 in Polearms
  2952 | D:4      | Reached XP level 7. HP: 25/49 MP: 2/7
  2987 | D:4      | Reached skill level 5 in Fighting
  3415 | D:5      | Entered Level 5 of the Dungeon
  3419 | D:5      | Reached XP level 8. HP: 55/55 MP: 2/8
  3652 | D:5      | Reached *** piety under Trog
  3699 | D:5      | Reached skill level 5 in Dodging
  3726 | D:5      | Reached skill level 10 in Polearms
  4488 | D:6      | Reached skill level 1 in Throwing
  4556 | D:6      | Reached skill level 11 in Polearms
  4604 | D:6      | Found a staircase to the Ecumenical Temple.
  4706 | D:6      | Reached XP level 9. HP: 61/61 MP: 3/9
  4951 | D:7      | Identified the +3 flail "Pisiroff" {elec, Fragile rElec rF+
                  | Int+8}
  4987 | D:7      | Noticed a manticore
  4998 | D:7      | Killed a manticore
  4999 | D:7      | Reached skill level 12 in Polearms
  4999 | D:7      | Reached skill level 1 in Evocations
  5077 | D:7      | Noticed a manticore
  5078 | D:7      | Noticed Menkaure
  5093 | D:7      | Noticed Joseph
  5094 | D:7      | Shot with a sling bullet by Joseph

Illustrated notes

Levels and vault maps discovered:
D:1:      wander_arrival_peaceful_grave, layout_basic, minmay_split_cup_small
D:2:      layout_loops_corners, basic_ecumenical_altar, mrwooster_statue_mirror
D:3:      layout_basic
D:4:      layout_gridville, hangedman_decor_riveting, chequers_big_river,
          kennysheep_generic_room_7, uniq_pikel
D:5:      layout_loops_corners, corexii_leaking_fountain, bh_walls_and_bars
D:6:      nicolae_whirlpool, layout_rooms, minmay_temple_entry_slanted,
          serial_curves, eino_curves_01, eino_curves_04, eino_curves_01
D:7:      cheibrodos_fzero, layout_gridville, uniq_prince_ribbit1, uniq_joseph,
          uniq_menkaure

Skill      XL: |  1  2  3  4  5  6  7  8  9 |
---------------+----------------------------+-----
Dodging        | 3 4 5 |  5.2
Polearms       | 5 6 7 9 11 12 | 12.3
Fighting       | 4 5 6 |  6.3
Armour         | 2 3 4 |  4.3
Stealth        | 1 2 |  2.5
Throwing       | 2 |  2.6
Evocations     | 2 |  2.1

Action                   |  1- 3 |  4- 6 |  7- 9 || total
-------------------------+-------+-------+-------++-------
Melee: Spear             |    80 |       |       ||    80
       Demon trident     |    15 |   134 |   182 ||   331
Throw: Dart              |       |       |    12 ||    12
       Throwing net      |       |       |     1 ||     1
Invok: Berserk           |     3 |     5 |     2 ||    10
       Trog's Hand       |       |       |     1 ||     1
Evoke: Wand              |       |       |    10 ||    10
  Use: Scroll            |     4 |     1 |     2 ||     7
       Potion            |       |     4 |     2 ||     6
 Stab: Sleeping          |       |     1 |       ||     1
Armor: Animal skin       |    21 |       |       ||    21
       Leather armour    |     4 |    66 |       ||    70
       Chain mail        |       |    38 |    54 ||    92
       Plate armour      |       |       |    52 ||    52
Dodge: Dodged            |    61 |   124 |    60 ||   245
